 Dungeon Crawl Stone Soup version 0.31-a0-174-g85c54bcb58 (webtiles) character file.

Game seed: 8786518649822035536

11 frimble the Grasshopper (level 2, -1/19 HPs)
             Began as an Octopode Warper on June 15, 2023.
             Slain by a jackal (2 damage)
             ... on level 1 of the Dungeon.
             The game lasted 00:00:19 (320 turns).

frimble the Grasshopper (Octopode Warper)            Turns: 320, Time: 00:00:20

Health: -1/19      AC:  1    Str: 10    XL:     2   Next: 29%
Magic:  5/5        EV: 13    Int: 15    God:
Gold:   56         SH:  0    Dex: 11    Spells: 3/5 levels left

rFire   . .          .
                       - Unarmed
rCold   . . .        (no shield)
rNeg    . . .        (helmet restricted)
rPois   .            (no amulet)
rElec   .            (no ring)
rCorr   .            (no ring)
SInv    .            (no ring)
Will    .....        (no ring)
Stlth   ++           (no ring)
HPRegen 0.23/turn    (no ring)
MPRegen 0.09/turn    (no ring)
                     (no ring)

%: no passive effects
@: no status effects
A: almost no armour, amphibious, 8 rings, camouflage 1, gelatinous body 1,
(nimble swimmer 1), tentacles
a: no special abilities


You were on level 1 of the Dungeon.
You visited 1 branch of the dungeon, and saw 1 of its levels.

You collected 56 gold pieces.

Inventory:

Missiles
 b - 7 boomerangs of dispersal (quivered)
 c - 6 poisoned darts
Scrolls
 a - a scroll of blinking
 d - a scroll of identify {unknown}
Potions
 e - 2 potions of might {unknown}
 f - a potion of brilliance {unknown}


   Skills:
 - Level 2.0 Fighting
 - Level 1.0 Throwing
 - Level 2.3 Dodging
 + Level 2.8 Unarmed Combat
 - Level 2.0 Spellcasting
 - Level 3.0 Translocations


You had 3 spell levels left.
You knew the following spells:

 Your Spells              Type           Power      Damage    Failure   Level
a - Blink                 Tloc           20%        N/A       10%         2

Your spell library contained the following spells:

 Spells                   Type           Power      Damage    Failure   Level
 Lesser Beckoning         Tloc           20%        N/A       10%         2
 Teleport Other           Tloc           10%        N/A       19%         3
 Vhi's Electric Charge    Tloc/Air       12%        N/A       34%         3
 Manifold Assault         Tloc           10%        N/A       54%         4


Dungeon Overview and Level Annotations

Branches:
Dungeon (1/15)

Altars:


Innate Abilities, Weirdness & Mutations

You cannot wear most types of armour.
You are amphibious.
You can wear up to eight rings at the same time.
Your skin changes colour to match your surroundings (Stealth+).
Your rubbery body absorbs attacks. (AC +1, EV +1)
((You are camouflaged when in or above water. (Stealth+)))
You have tentacles for arms and can constrict up to eight enemies at once.


Message History

You barely miss the jackal.
The jackal is heavily wounded.
You constrict the jackal, but do no damage.
The jackal bites you. The jackal completely misses you.
The jackal struggles to escape constriction.
You tentacle-slap the jackal but do no damage.
The jackal is heavily wounded.
You constrict the jackal. The jackal barely misses you. The jackal bites you.
You barely miss the jackal. You squeeze the jackal.
You kill the jackal!
The jackal barely misses you. The jackal closely misses you.
You miss the jackal. You grab the jackal. You squeeze the jackal.
The jackal is almost dead.
You constrict the jackal, but do no damage.
The jackal bites you but does no damage.
The jackal closely misses you. x2; The jackal barely misses you.
You barely miss the jackal. You squeeze the jackal.
You kill the jackal!
The jackal closely misses you.
You completely miss the jackal. Your grab misses the jackal.
The jackal bites you. The hobgoblin closely misses you. The jackal bites you.
You tentacle-slap the jackal. Your grab misses the jackal.
The jackal is severely wounded.
The hobgoblin barely misses you. The jackal bites you.
You are too injured to fight recklessly!
You are too injured to fight recklessly!
You barely miss the hobgoblin. Your grab misses the hobgoblin.
Your squeeze misses the hobgoblin. The hobgoblin hits you.
The jackal bites you.
You tentacle-slap the hobgoblin. You grab the hobgoblin.
The hobgoblin is lightly wounded.
You constrict the hobgoblin. The jackal closely misses you.
The hobgoblin misses you. The jackal bites you.
* * * LOW HITPOINT WARNING * * *
You tentacle-slap the hobgoblin but do no damage.
The hobgoblin is moderately wounded.
You constrict the hobgoblin. The hobgoblin hits you.
* * * LOW HITPOINT WARNING * * *
The jackal bites you.
You die...

#.# #..#############
#.######..#...........# ##
#...........#########.# .
#†###.#...### #.# #.#.###......#
#.# #####.#.........## #.#
#...........##..# #.#
#.###.#.######..# #.# ## #.#.#
#†@# #.# . . #.######hg# #.# #.
####.†......w# ######.#
#.###...####..... #......#
#.[.....# #...... #.#.####
####.....##........ ###....######
..........+........ +............
####....###.........#......#####.
##.#.# #.#.#.#### #.


You could see a dart slug, a jackal and a hobgoblin.

Vanquished Creatures
  A giant cockroach (D:1)
  2 hobgoblins (D:1)
  2 jackals (D:1)
  2 quokkas (D:1)
  A frilled lizard (D:1)
  2 rats (D:1)
10 creatures vanquished.

Notes
Turn   | Place    | Note
-------+----------+-------------------------------------------
     0 | D:1      | frimble the Octopode Warper began the quest for the Orb.
     0 | D:1      | Reached XP level 1. HP: 14/14 MP: 3/3
   185 | D:1      | Reached XP level 2. HP: 17/19 MP: 5/5
   237 | D:1      | Learned a level 2 spell: Blink
   320 | D:1      | Slain by a jackal

Illustrated notes

Levels and vault maps discovered:
D:1:      dpeg_arrival_water_temple_mockup, layout_loops_corners

Action                     || total
---------------------------++-------
  Melee: Unarmed           ||    30
         Constrict         ||    10
         Tentacles         ||     9
   Stab: Sleeping          ||     1
 Armour: Skin              ||     2
  Dodge: Dodged            ||    23

Table legend: (Time is in decaauts)
 A = Elapsed time spent in this place.
 B = Non-inter-level travel time spent in this place.
 C = Inter-level travel time spent in this place.
 D = Time resting spent in this place.
 E = Time spent auto-exploring this place.
 F = Levels seen in this place.
 G = Mean time per level.
                   A        B        C        D        E       F      G
               +--------+--------+--------+--------+--------+-----+--------+
         Total |    318 |    310 |      8 |      0 |    232 |   1 |  318.0 |
       Dungeon |    318 |    310 |      8 |      0 |    232 |   1 |  318.0 |
               +--------+--------+--------+--------+--------+-----+--------+

Top non-repeatable levels by time:
     D:1: 318 daAuts
